 Dungeon Crawl Stone Soup version 0.31-a0-656-gb4d89c20fa (webtiles) character file.

Game seed: 539784336849872548

383 Dittersdorf the Covered (level 6, -3/40 HPs)
             Began as a Gargoyle Fighter on Aug 30, 2023.
             Slain by a gnoll
             ... wielding a +0 whip
              (6 damage)
             ... on level 4 of the Dungeon.
             The game lasted 00:04:22 (3253 turns).

Dittersdorf the Covered (Gargoyle Fighter)          Turns: 3253, Time: 00:04:22

Health: -3/40      AC: 11    Str: 22    XL:     6   Next: 76%
Magic:  6/6        EV:  9    Int: 14    God:
Gold:   85         SH:  4    Dex:  9    Spells: 5/5 levels left

rFire   . . .        a - +0 flail
rCold   . . .        c - +0 buckler
rNeg    + . .        b - +0 scale mail
rPois   ∞            (no helmet)
rElec   +            (no cloak)
rCorr   .            (no gloves)
SInv    +            (no boots)
Will    .....        (no amulet) Stlth
                     k - +6 ring of intelligence
HPRegen 0.26/turn    y - ring of see invisible
MPRegen 0.10/turn

%: no passive effects
@: no status effects
A: sickness immunity, AC +4, negative energy resistance 1, electricity
resistance, torment resistance 1, petrification resistance
a: no special abilities


You were on level 4 of the Dungeon.
You visited 1 branch of the dungeon, and saw 4 of its levels.

You collected 85 gold pieces.

Inventory:

Hand Weapons
 a - a +0 flail (weapon)
Missiles
 u - 14 poisoned darts (quivered)
Armour
 b - a +0 scale mail (worn)
 c - a +0 buckler (worn)
 f - a +0 plate armour
Jewellery
 k - a +6 ring of intelligence (left hand)
 y - a ring of see invisible (right hand)
Wands
 l - a wand of flame (18)
Scrolls
 e - a scroll of blinking {unknown}
 g - 5 scrolls of identify {unknown}
 h - 2 scrolls of amnesia {unknown}
 i - 4 scrolls of teleportation {unknown}
 j - 2 scrolls of silence {unknown}
 m - 3 scrolls of enchant weapon {unknown}
 o - a scroll of immolation {unknown}
 p - 2 scrolls of fog {unknown}
 s - a scroll of revelation {unknown}
 w - a scroll of brand weapon {unknown}
Potions
 d - 2 potions of might
 n - a potion of magic {unknown}
 q - a potion of enlightenment {unknown}
 r - a potion of mutation {unknown}
 t - 2 potions of curing {unknown}
 v - a potion of lignification {unknown}
 x - 2 potions of attraction {unknown}
 z - a potion of heal wounds {unknown}


   Skills:
 + Level 4.8 Fighting
 + Level 3.8 Maces & Flails
 + Level 4.9 Armour
 + Level 4.9 Shields


You had 5 spell levels left.
You didn't know any spells.
Your spell library contained the following spells:

 Spells                   Type           Power      Damage    Failure   Level
 Apportation              Tloc           0%         N/A       65%         1
 Shock                    Conj/Air       0%         1d3       65%         1
 Static Discharge         Conj/Air       0%         2-2/arc   78%         2
 Ignite Poison            Fire/Tmut/Pois 0%         N/A       95%         3
 Swiftness                Air            0%         N/A       95%         3
 Airstrike                Air            0%         2d(0-16)  100%        4
 Animate Dead             Necr           0%         N/A       100%        4
 Sticky Flame             Conj/Fire      0%         2d3       100%        4
 Summon Lightning Spire   Summ/Air       0%         N/A       100%        4
 Alistair's Intoxication  Tmut/Pois      0%         N/A       100%        5
 Borgnjor's Vile Clutch   Necr/Erth      0%         N/A       100%        5
 Death Channel            Necr           0%         N/A       100%        6
 Ignition                 Fire           0%         3d3       100%        8


Dungeon Overview and Level Annotations

Branches:
Dungeon (4/15)
 Temple: D:4-7

Altars:
Fedhas
Kikubaaqudgha

Annotations:
D:3 3 runed translucent doors, Dittersdorf's ghost, amateur GrFi


Innate Abilities, Weirdness & Mutations

You are immune to sickness and miasma.
Your stone body is resilient. (AC +4)
You are immune to poison.
You resist negative energy. (rN+)
You are resistant to electric shocks. (rElec)
You are resistant to unholy torment.
You are immune to petrification.


Message History

You are too injured to fight recklessly!
You are too injured to fight recklessly!
You are too injured to fight recklessly!
You are too injured to fight recklessly!
You are too injured to fight recklessly!
You are too injured to fight recklessly!
You are too injured to fight recklessly!
You are too injured to fight recklessly!
You closely miss the gnoll.
The gnoll is severely wounded.
The gnoll hits you with a +0 whip of pain.
You closely miss the gnoll.
The gnoll is severely wounded.
The gnoll hits you with a +0 whip of pain.
You barely miss the gnoll.
The gnoll is severely wounded.
The gnoll barely misses you.
You thump the gnoll!
You kill the gnoll!
The gnoll barely misses you.
You thump the gnoll!
The gnoll is heavily wounded.
The gnoll closely misses you.
You closely miss the gnoll.
The gnoll is heavily wounded.
The gnoll hits you with a +0 whip.
* * * LOW HITPOINT WARNING * * *
You closely miss the gnoll.
The gnoll is heavily wounded.
The gnoll hits you with a +0 whip!
* * * LOW HITPOINT WARNING * * *
The gnoll hits you but does no damage.
You closely miss the gnoll.
The gnoll is heavily wounded.
The gnoll hits you with a +0 whip.
* * * LOW HITPOINT WARNING * * *
You hit the gnoll.
The gnoll is almost dead.
The gnoll hits you with a +0 whip.
You die...

#.# ## #.# .# #.#
### .# ####.# ...
.# #....# #.# .#
#.###### #.# .#
#......# #.# .#
#<.....# #g# .#
######## #@# .# #.#
.# #.#
.###############.##
..................#
..#################
#.# #.........# #.#
#.######.## #.#
#.#.†....#


You could see a gnoll.

Vanquished Creatures
  A black bear (D:4)
  A hound (D:4)
  An orc priest (D:4)
  A gnoll bouda (D:4)
  An orc wizard (D:4)
  7 gnolls (D:4)
  6 adders
  An ufetubus (D:4)
  2 dart slugs
  2 orcs (D:4)
  5 ball pythons
  5 endoplasms
  A giant cockroach (D:2)
  A goblin (D:2)
  3 hobgoblins
  4 kobolds
  2 quokkas
  6 bats
  5 frilled lizards
  6 rats
61 creatures vanquished.

Notes
Turn   | Place    | Note
-------+----------+-------------------------------------------
     0 | D:1      | Dittersdorf the Gargoyle Fighter began the quest for the
                  | Orb.
     0 | D:1      | Reached XP level 1. HP: 14/14 MP: 1/1
   289 | D:1      | Reached XP level 2. HP: 19/19 MP: 2/2
   832 | D:2      | Reached XP level 3. HP: 12/23 MP: 3/3
  1601 | D:3      | Reached XP level 4. HP: 27/29 MP: 4/4
  1646 | D:3      | Found a runed translucent gate.
  1646 | D:3      | Found a runed translucent gate.
  1647 | D:3      | Found a runed translucent gate.
  1648 | D:3      | Noticed Dittersdorf's ghost (amateur GrFi)
  1656 | D:3      | Identified the +1 dagger of the Lonely Deaths {vamp, rPois
                  | rC+ SInv}
  1656 | D:3      | Identified the +2 ring mail of Quiescent Knowledge {Harm
                  | rF+ Int-5 Stlth+}
  1766 | D:3      | Found a faded altar of an unknown god.
  1769 | D:3      | Found an ancient bone altar of Kikubaaqudgha.
  1846 | D:3      | Found a blossoming altar of Fedhas.
  2404 | D:4      | Reached XP level 5. HP: 22/33 MP: 5/5
  2557 | D:4      | Noticed a black bear
  2570 | D:4      | Killed a black bear
  2571 | D:4      | Reached XP level 6. HP: 9/39 MP: 6/6
  3253 | D:4      | Slain by a gnoll

Illustrated notes

Levels and vault maps discovered:
D:1:      ebering_trefoil_3fold, layout_basic, dk_noncrumbling_3
D:2:      layout_basic, st_stairs_8, serial_bayou_pond_a,
          kennysheep_generic_room_4
D:3:      layout_basic, nicolae_overflow_ecumenical_swirl,
          mainiacjoe_overflow_cross_hatched, biasface_ghost_orc_armoury
D:4:      layout_basic, grunt_temple_overflow_champion_of_chaos,
          skrybe_limestone_x

Skill      XL: |  1  2  3  4 |
---------------+-------------+-----
Armour         | 4 |  4.9
Shields        | 4 |  4.9
Fighting       | 4 |  4.8
Maces & Flails | 3 |  3.8

Action                     |  1- 3 |  4- 6 || total
---------------------------+-------+-------++-------
  Melee: Flail             |   164 |   147 ||   311
  Throw: Dart              |       |     5 ||     5
 Armour: Scale mail        |   118 |    74 ||   192
  Dodge: Dodged            |    79 |    71 ||   150
  Block: Buckler           |    39 |    41 ||    80

Table legend: (Time is in decaauts)
 A = Elapsed time spent in this place.
 B = Non-inter-level travel time spent in this place.
 C = Inter-level travel time spent in this place.
 D = Time resting spent in this place.
 E = Time spent auto-exploring this place.
 F = Levels seen in this place.
 G = Mean time per level.
                   A        B        C        D        E       F      G
               +--------+--------+--------+--------+--------+-----+--------+
         Total |   3344 |   3230 |    114 |    197 |   2347 |   4 |  836.0 |
       Dungeon |   3344 |   3230 |    114 |    197 |   2347 |   4 |  836.0 |
               +--------+--------+--------+--------+--------+-----+--------+

Top non-repeatable levels by time:
     D:4: 1091 daAuts
     D:2: 917 daAuts
     D:1: 680 daAuts
     D:3: 654 daAuts
